 Dungeon Crawl Stone Soup version 0.20.0-7-g3b7b877 (webtiles) character file.

53286 McKennaii the Unseen (level 14, -1/99 HPs)
             Began as an Octopode Assassin on May 29, 2017.
             Was a High Priest of Dithmenos.
             Slain by a yak (4 damage)
             ... on level 6 of the Lair of Beasts.
             The game lasted 01:10:55 (24638 turns).

McKennaii the Unseen (Octopode Assassin)           Turns: 24638, Time: 01:10:55

Health: -1/99      AC:  3    Str: 18    XL:     14   Next: 67%
Magic:  0/15       EV:  2    Int: 17    God:    Dithmenos [*****.]
Gold:   1388       SH:  0    Dex: 21    Spells: 13/13 levels left

rFire    . . .     SeeInvis .   a - +6 rapier (freeze)
rCold    + . .     Gourm    .   (no shield)
rNeg     + + +     Faith    .   n - +2 hat
rPois    ∞         Spirit   +   v - amulet of guardian spirit
rElec    .         Reflect  .   I - +4 ring of slaying
rCorr    +         Harm     .   k - ring of resist corrosion
MR       +....                  o - ring of protection from cold
Stlth    ++++++++++             r - +4 ring of strength
Regen    0.3/turn               u - ring of positive energy
MPRegen  0.2/turn               U - ring of poison resistance
                                P - ring "Yttiyfu" {+Inv rC- Str+3 Int+4 Dex+3}
                                V - ring of protection from cold

@: petrified, wreathed by umbra
A: almost no armour, stealthy swim, amphibious, 8 rings, constrict 8, camouflage
1, gelatinous body 1
a: Shadow Step, Shadow Form, Renounce Religion, Evoke Invisibility


You were on level 6 of the Lair of Beasts.
You worshipped Dithmenos.
Dithmenos was extremely pleased with you.
You were not hungry.

You visited 3 branches of the dungeon, and saw 18 of its levels.
You also visited: Ossuary and Ice Cave.

You collected 1388 gold pieces.

Inventory:

Hand Weapons
 a - a +6 rapier of freezing (weapon)
 b - a +0 blowgun
 J - a +2 short sword of holy wrath
Missiles
 c - 110 poisoned needles (quivered)
 d - 14 curare-tipped needles
Armour
 n - a +2 hat (worn)
Magical Staves
 M - an uncursed staff of cold
 W - an uncursed staff of conjuration
 Y - an uncursed staff of air
Jewellery
 k - a ring of resist corrosion (right tentacle)
 o - a ring of protection from cold (on tentacle)
 r - a +4 ring of strength (on tentacle)
 u - a ring of positive energy (on tentacle)
 v - an amulet of guardian spirit (around mantle)
 I - a +4 ring of slaying (left tentacle)
 P - the ring "Yttiyfu" (on tentacle) {+Inv rC- Str+3 Int+4 Dex+3}
   (You acquired it in an ice cave)

   [ring of intelligence]

   It affects your strength (+3).
   It affects your intelligence (+4).
   It affects your dexterity (+3).
   It makes you vulnerable to cold.
   It lets you turn invisible.
 U - a ring of poison resistance (on tentacle)
 V - a ring of protection from cold (on tentacle)
Wands
 C - a wand of digging (24/24)
 K - a wand of digging (8/24)
 Q - a wand of paralysis (10/24)
Scrolls
 j - 6 scrolls of enchant armour
 l - 2 scrolls of identify
 m - 4 scrolls of remove curse
 s - 2 scrolls of recharging
 t - a scroll of magic mapping
 y - 2 scrolls of amnesia
 F - 4 scrolls of teleportation
 O - 5 scrolls of fog
Potions
 g - 2 potions of magic
 i - 3 potions of lignification
 p - 4 potions of mutation
 q - 3 potions of agility
 x - a potion of cancellation
 z - 2 potions of ambrosia
 A - 3 potions of haste
 B - 3 potions of brilliance
 D - 2 potions of invisibility
 L - 4 potions of flight
 N - 2 potions of might
 Z - 2 potions of curing
Books
 E - a book of Ice

   Spells                             Type                      Level
   a - Ice Form                       Ice/Transmutation            4
   b - Metabolic Englaciation         Hexes/Ice                    5
   c - Ozocubu's Refrigeration        Ice                          6
   d - Bolt of Cold                   Conjuration/Ice              6
   e - Freezing Cloud                 Conjuration/Ice/Air          6
   f - Simulacrum                     Ice/Necromancy               6
 H - a book of Changes

   Spells                             Type                      Level
   a - Beastly Appendage              Transmutation                1
   b - Sticks to Snakes               Transmutation                2
   c - Spider Form                    Transmutation/Poison         3
   d - Ice Form                       Ice/Transmutation            4
   e - Blade Hands                    Transmutation                5
 R - a book of Cantrips

   Spells                             Type                      Level
   a - Confusing Touch                Hexes                        1
   b - Animate Skeleton               Necromancy                   1
   c - Summon Small Mammal            Summoning                    1
   d - Apportation                    Translocation                1
 S - a book of Debilitation

   Spells                             Type                      Level
   a - Corona                         Hexes                        1
   b - Slow                           Hexes                        2
   c - Inner Flame                    Hexes/Fire                   3
   d - Portal Projectile              Hexes/Translocation          3
   e - Cause Fear                     Hexes                        4
   f - Leda's Liquefaction            Hexes/Earth                  4
Comestibles
 f - 11 bread rations
 h - 8 fruits
 G - 15 royal jellies
 X - 5 chunks of flesh


   Skills:
 + Level 10.8 Fighting
 + Level 13.8 Short Blades
 + Level 9.2 Throwing
 + Level 8.4 Dodging
 + Level 18.7 Stealth
 + Level 1.6 Invocations


You had 13 spell levels left.
You didn't know any spells.

Dungeon Overview and Level Annotations

Branches:
Dungeon (11/15)            Temple (1/1) D:4            Lair (6/6) D:11
 Shoals (0/4) Lair:3       Spider (0/4) Lair:4        Slime (0/5) Lair:5
    Orc (0/2) D:10

Altars:
Ashenzari
Cheibriados
Dithmenos
Elyvilon
Fedhas
Gozag
Hepliaklqana
Kikubaaqudgha
Makhleb
Nemelex Xobeh
Okawaru
Qazlal
Ru
Sif Muna
Trog
Uskayaw
Vehumet
Xom
Yredelemnul
Zin
The Shining One

Shops:
D:6 }   D:8 %   D:10 ([

Annotations:
D:11 4 runed doors


Innate Abilities, Weirdness & Mutations

You cannot wear most types of armour.
You are very stealthy in the water. (Stealth+)
You are amphibious.
You can wear up to eight rings at the same time.
You can use your tentacles to constrict eight enemies at once.
Your skin changes colour to match your surroundings (Stealth+).
Your rubbery body absorbs attacks. (AC +1, EV +1)


Message History

You feel much better.
You are engulfed in calcifying dust.
You are slowing down.
The death yak is no longer petrified.
The yak is no longer petrified.
The yak gores you!
* * * LOW HITPOINT WARNING * * *
The death yak gores you!!
* * * LOW HITPOINT WARNING * * *
The catoblepas closely misses you.
Unknown command.
As you read the scroll of fear, it crumbles to dust.
You assume a fearsome visage.
The catoblepas looks frightened!
The yak looks frightened!
The yak resists with some effort.
The death yak looks frightened!
The yak looks frightened!
You are engulfed in calcifying dust.
Your limbs have turned to stone.
You have turned to stone.
You are engulfed in calcifying dust.
The yak gores you.
* * * LOW HITPOINT WARNING * * *
The death yak gores the plant!
The yak gores you!
You die...

### ###.### # ### #.....#
##Y.##P### #....### #....Y..P##
###..#.## #......#..Y##
#######..... #...Y.###YY.##
#...)####... #PY..#
##@..####..÷## #... ###YY###
###.Y.##...†# #... ## ..##
###......## #... ##. #..##
##...##..# #.P. ... ##...#
##..####### ##.. ..## #...##
#..## ### #.. ##.. ##..P###.##
###.## #.. ##..##
##........####....## #..
#P..P####..###.....##......###..


You could see a death yak (fleeing), a catoblepas (fleeing) and 3 yaks.

Vanquished Creatures
  A frost giant (IceCv)
  5 hydras
  5 catoblepae
  A queen ant (D:11)
  2 two-headed ogres
  3 death yaks
  Sonja (Lair:3)
  A fire crab (Lair:6)
  An unseen horror (D:10)
  A lindwurm (Lair:3)
  Pikel (D:6)
  A cyclops (D:8)
  2 manticores (Lair:6)
  Joseph (D:7)
  Maurice (D:10)
  A black mamba (Lair:4)
  3 elephants (Lair:4)
  An ice statue (IceCv)
  13 spiny frogs
  2 centaur skeletons
  3 komodo dragons
  The ghost of McKennaii the Covert, a novice OpAs (D:4)
  3 rime drakes
  4 trolls
  16 polar bears
  4 jumping spiders (Lair:4)
  Prince Ribbit (D:6)
  A blink frog (Lair:6)
  5 dream sheep (Lair:6)
  13 hippogriffs
  2 redbacks (Lair:4)
  39 yaks
  Eustachio (D:6)
  2 basilisks
  3 fire bats (Lair:5)
  6 wyverns
  2 hungry ghosts
  Menkaure (D:6)
  12 soldier ants
  13 water moccasins
  5 porcupines
  Duvessa (D:4)
  A necrophage (D:7)
  5 ice beasts
  5 orc warriors
  A sky beast (D:10)
  A slave (D:6)
  A black bear (D:10)
  2 phantoms
  22 wolves
  5 ogres
  10 centaurs
  3 crocodiles
  A big kobold (D:10)
  8 bullfrogs
  Dowan (D:4)
  A wyvern skeleton (D:8)
  A scorpion (D:7)
  6 killer bees (D:11)
  8 wights
  9 howler monkeys
  4 crimson imps
  2 lava snakes (Lair:5)
  A bullfrog zombie (D:9)
  3 centaur zombies
  A human zombie (Ossuary)
  3 quasits
  7 hounds
  4 orc priests
  20 orc wizards
  24 jellies
  2 bullfrog skeletons
  3 iguanas
  33 worker ants
  A big kobold zombie (Ossuary)
  3 hound skeletons (D:6)
  A hound zombie (D:10)
  5 mummies (Ossuary)
  3 gnolls (D:5)
  17 adders
  2 shadow imps
  6 oozes
  An adder skeleton (D:4)
  An adder zombie (D:1)
  5 worms
  A dart slug (D:1)
  9 leopard geckos
  54 orcs
  2 ball pythons
  6 bats
  5 giant cockroaches
  7 goblins
  9 hobgoblins
  10 jackals
  6 quokkas
  5 frilled lizards
  A giant cockroach zombie (D:1)
  2 gnoll zombies (Ossuary)
  2 hobgoblin zombies (Ossuary)
  17 kobolds
  A leopard gecko zombie (D:6)
  2 orc zombies (Ossuary)
  A quokka zombie (D:6)
  8 rats
  A butterfly (Lair:1)
  A fire vortex (Lair:5)
578 creatures vanquished.

Vanquished Creatures (others)
  A polar bear (IceCv)
  A yak (IceCv)
  2 slaves (D:6)
  2 wolves (IceCv)
  An orc (D:6)
  6 plants
13 creatures vanquished.

Grand Total: 591 creatures vanquished

Notes
Turn   | Place    | Note
-------+----------+-------------------------------------------
     0 | D:1      | McKennaii the Octopode Assassin began the quest for the Orb.
     0 | D:1      | Reached XP level 1. HP: 14/14 MP: 1/1
   111 | D:1      | Reached XP level 2. HP: 18/19 MP: 2/2
   250 | D:1      | Reached skill level 6 in Stealth
   507 | D:1      | Reached XP level 3. HP: 24/24 MP: 3/3
  1158 | D:2      | Reached XP level 4. HP: 29/29 MP: 4/4
  1161 | D:2      | Reached skill level 7 in Stealth
  1228 | D:2      | Found a shattered altar of Ashenzari.
  2361 | D:3      | Reached XP level 5. HP: 30/34 MP: 5/5
  2850 | D:4      | Noticed Duvessa
  2850 | D:4      | Noticed Dowan
  2924 | D:4      | Found a staircase to the Ecumenical Temple.
  2985 | D:4      | Killed Duvessa
  2985 | D:4      | Reached skill level 8 in Stealth
  2985 | D:4      | Reached XP level 6. HP: 25/41 MP: 3/6
  3017 | D:4      | Found a sand-covered staircase.
  3028 | Ossuary  | Entered an ossuary
  3649 | D:4      | Killed Dowan
  3706 | D:4      | Noticed McKennaii's ghost (novice OpAs)
  3834 | D:4      | Reached XP level 7. HP: 41/45 MP: 5/7
  4153 | D:4      | Killed McKennaii's ghost
  4153 | D:4      | Reached skill level 9 in Stealth
  4214 | Temple   | Entered the Ecumenical Temple
  4576 | D:3      | Found a sacrificial altar of Ru.
  4637 | D:5      | Entered Level 5 of the Dungeon
  4664 | D:5      | Reached XP level 8. HP: 52/52 MP: 8/8
  4683 | D:5      | Found a shimmering altar of Xom.
  4685 | D:5      | Found a shimmering altar of Xom.
  4685 | D:5      | Found a shimmering altar of Xom.
  4685 | D:5      | Found a shimmering altar of Xom.
  4709 | D:5      | Found an iron altar of Okawaru.
  4803 | D:5      | HP: 2/53 [centaur/arrow (6)]
  4815 | D:5      | Reached skill level 5 in Short Blades
  5060 | D:5      | Found a hazy altar of Hepliaklqana.
  5133 | D:5      | Found a basalt altar of Yredelemnul.
  5582 | D:6      | Noticed Prince Ribbit
  5658 | D:6      | Reached skill level 10 in Stealth
  5687 | D:6      | Killed Prince Ribbit
  5687 | D:6      | Reached skill level 5 in Throwing
  5687 | D:6      | Reached XP level 9. HP: 51/58 MP: 6/9
  5763 | D:6      | Noticed Menkaure
  5771 | D:6      | Killed Menkaure
  5810 | D:6      | Found a white marble altar of Elyvilon.
  5839 | D:6      | Found Wol Geg's Gadget Boutique.
  5930 | D:6      | Noticed Pikel
  6158 | D:6      | Found an iron altar of Okawaru.
  6187 | D:6      | Noticed Eustachio
  6198 | D:6      | Killed Eustachio
  6456 | D:6      | Killed Pikel
  6531 | D:7      | Reached skill level 11 in Stealth
  6772 | D:7      | Noticed Joseph
  6848 | D:7      | Noticed a troll
  7117 | D:8      | Found a basalt altar of Yredelemnul.
  7118 | D:8      | Noticed a cyclops
  7364 | D:7      | Reached skill level 5 in Fighting
  7695 | D:7      | Killed a troll
  7695 | D:7      | Reached XP level 10. HP: 31/66 MP: 5/10
  8314 | D:8      | Found Kys Vuud's Food Emporium.
  8445 | D:8      | Found a shadowy altar of Dithmenos.
  8508 | D:8      | Became a worshipper of Dithmenos the Shadowed
  9408 | D:9      | Found a glowing golden altar of the Shining One.
  9533 | D:9      | Reached skill level 5 in Dodging
  9533 | D:9      | Reached skill level 12 in Stealth
  9886 | D:9      | Reached * piety under Dithmenos
 10230 | D:8      | Killed a cyclops
 10513 | D:8      | Noticed a two-headed ogre
 10529 | D:10     | Entered Level 10 of the Dungeon
 10541 | D:10     | Killed an unseen horror
 10541 | D:10     | Reached XP level 11. HP: 42/74 MP: 4/11
 10660 | D:10     | Found Ihich's Weapon Emporium.
 11388 | D:10     | Found Ifyacuz's Armour Emporium.
 11389 | D:10     | Found a staircase to the Orcish Mines.
 11452 | D:10     | Reached ** piety under Dithmenos
 11498 | D:10     | Reached skill level 10 in Short Blades
 11791 | D:10     | Reached skill level 13 in Stealth
 11799 | D:10     | Noticed Maurice
 11806 | D:10     | Killed Maurice
 13100 | D:7      | Killed Joseph
 13224 | D:10     | Noticed a two-headed ogre
 13238 | D:10     | Killed a two-headed ogre
 13616 | D:11     | Found a huge runed gate.
 13617 | D:11     | Found a huge runed gate.
 13617 | D:11     | Found a huge runed gate.
 13617 | D:11     | Found a huge runed gate.
 13627 | D:11     | Noticed a death yak
 13652 | D:11     | Reached *** piety under Dithmenos
 14317 | D:11     | Noticed a queen ant
 14328 | D:11     | Reached XP level 12. HP: 61/82 MP: 10/12
 14469 | D:11     | Killed a queen ant
 14469 | D:11     | Reached skill level 14 in Stealth
 14481 | D:11     | HP: 3/82 [soldier ant (10)]
 14488 | D:11     | Noticed a two-headed ogre
 15013 | D:11     | Found a staircase to the Lair.
 15130 | D:11     | Reached **** piety under Dithmenos
 15524 | D:11     | Killed a two-headed ogre
 16206 | Lair:1   | Entered Level 1 of the Lair of Beasts
 16294 | Lair:1   | Found a burning altar of Makhleb.
 16913 | Lair:2   | Noticed a six-headed hydra
 16918 | Lair:2   | Killed a six-headed hydra
 17057 | Lair:2   | Noticed a catoblepas
 17061 | Lair:2   | Killed a catoblepas
 17339 | Lair:3   | Found a staircase to the Shoals.
 17383 | Lair:3   | Noticed Sonja
 17388 | Lair:3   | Killed Sonja
 17388 | Lair:3   | Reached skill level 15 in Stealth
 17477 | Lair:3   | Reached skill level 1 in Invocations
 18413 | Lair:4   | Reached XP level 13. HP: 83/90 MP: 11/13
 18767 | Lair:4   | Reached skill level 16 in Stealth
 19251 | Lair:4   | Found a hole to the Spider Nest.
 19930 | Lair:5   | Found a staircase to the Slime Pits.
 20277 | Lair:5   | Reached ***** piety under Dithmenos
 20277 | Lair:5   | Reached skill level 17 in Stealth
 20724 | Lair:6   | Entered Level 6 of the Lair of Beasts
 20946 | Lair:6   | Found a frozen archway.
 20969 | IceCv    | Entered an ice cave
 22352 | IceCv    | Reached XP level 14. HP: 92/98 MP: 13/15
 22370 | IceCv    | Reached skill level 10 in Fighting
 22660 | IceCv    | Noticed a frost giant
 22748 | IceCv    | Killed a frost giant
 22884 | IceCv    | Identified a scroll of acquirement
 22887 | IceCv    | Got a crude pewter ring
 22891 | IceCv    | Identified the ring "Yttiyfu" {+Inv rC- Str+3 Int+4 Dex+3} (You acquired it in an ice cave)
 23255 | Lair:6   | Reached skill level 18 in Stealth
 24634 | Lair:6   | HP: 3/99 [catoblepas/blast of calcifying dust (4)]
 24638 | Lair:6   | Slain by a yak

Skill      XL: |  1  2  3  4  5  6  7  8  9 10 11 12 13 14 |
---------------+-------------------------------------------+-----
Stealth        | 6 7 8 9 10 11 12 13 15 17 18 | 18.7
Throwing       | 3 4 5 6 7 8 9 |  9.2
Short Blades   | 3 4 6 8 9 11 12 13 | 13.8
Dodging        | 2 3 4 5 6 7 8 |  8.4
Fighting       | 3 4 5 6 7 9 10 | 10.8
Invocations    | 1 |  1.6

Action                   |  1- 3 |  4- 6 |  7- 9 | 10-12 | 13-15 || total
-------------------------+-------+-------+-------+-------+-------++-------
Melee: Dagger            |    64 |   157 |       |       |       ||   221
       Constrict         |    16 |    33 |    37 |   105 |    43 ||   234
       Tentacles         |    14 |    34 |    36 |   146 |   141 ||   371
       Short sword       |       |     3 |   129 |       |       ||   132
       Rapier            |       |       |    84 |   568 |   451 ||  1103
 Fire: Blowgun           |       |       |    10 |   122 |    69 ||   201
Invok: Shadow Step       |       |       |       |     4 |     1 ||     5
  Use: Scroll            |       |       |    17 |     8 |    13 ||    38
       Potion            |       |       |     4 |     7 |     1 ||    12
 Stab: Sleeping          |    10 |    21 |    13 |    49 |    51 ||   144
       Distracted        |       |     1 |     4 |     7 |     8 ||    20
  Eat: Chunk             |     1 |     4 |     9 |    24 |    11 ||    49
       Meat ration       |       |     1 |       |     2 |     1 ||     4
       Royal jelly       |       |     1 |       |     2 |       ||     3
       Fruit             |       |       |       |       |     2 ||     2
Armor: Skin              |     3 |     6 |    28 |    30 |    22 ||    89
Dodge: Dodged            |    28 |    49 |   138 |   374 |   314 ||   903
